 Dungeon Crawl Stone Soup version 0.17-a0-776-gd86b262 (webtiles) character file.

4531 panicbit the Cleaver (level 10, -4/90 HPs)
             Began as a Purple Draconian Berserker on Apr 24, 2015.
             Was a High Priest of Trog.
             Killed from afar by an electric eel (12 damage)
             ... with a bolt of electricity
             ... on level 9 of the Dungeon.
             The game lasted 01:41:15 (7313 turns).

panicbit the Cleaver (Purple Draconian Berserker)   Turns: 7313, Time: 01:41:15

Health: -4/90      AC:  8    Str: 19    XL:     10   Next: 17%
Magic:  10/10      EV: 19    Int:  7    God:    Trog [*****.]
Gold:   490        SH:  0    Dex: 18    Spells: 0 memorised, 9 levels left

rFire  . . .     SeeInvis .     D - +0 war axe
rCold  . . .     Clarity  .     (armour unavailable)
rNeg   . . .     SustAb   .     (no shield)
rPois  .         Gourm    .     (helmet restricted)
rElec  .         Spirit   .     a - +0 cloak
rCorr  .         Warding  .     (no gloves)
rMut   .         Stasis   .     (no boots)
MR     +++..                    (no amulet)
Stlth  ++........               F - +3 ring of dexterity
                                o - +4 ring of slaying

@: regenerating, extremely resistant to hostile enchantments, unstealthy
A: breathe power, unfitting armour, cold-blooded, AC +7
a: Breathe Dispelling Energy, Burn Spellbooks, Berserk, Trog's Hand, Brothers in
Arms, Renounce Religion


You were on level 9 of the Dungeon.
You worshipped Trog.
Trog was extremely pleased with you.
You were hungry.

You visited 1 branch of the dungeon, and saw 9 of its levels.

You collected 490 gold pieces.

Inventory:

Hand weapons
 d - a +1 hand axe of flaming
 D - a +0 war axe (weapon)
Armour
 a - a +0 cloak (worn)
Jewellery
 o - a +4 ring of slaying (left hand)
 y - an uncursed ring of positive energy
 F - a +3 ring of dexterity (right hand)
Magical devices
 x - a wand of confusion (28)
 z - a wand of frost (14)
Scrolls
 c - 5 scrolls of identify {unknown}
 e - 4 scrolls of fear {unknown}
 f - a scroll of immolation {unknown}
 h - 3 scrolls of magic mapping {unknown}
 j - a scroll of fog {unknown}
 l - 3 scrolls of blinking {unknown}
 m - 2 scrolls of enchant armour {unknown}
 n - 3 scrolls of recharging {unknown}
 u - 4 scrolls of remove curse
 v - 2 scrolls of amnesia {unknown}
 w - a scroll of teleportation {unknown}
 C - a scroll of enchant weapon {unknown}
Potions
 q - a potion of cure mutation {unknown}
 r - a potion of flight {unknown}
 s - 2 potions of agility {unknown}
 t - 6 potions of curing {unknown}
 A - a potion of heal wounds
 B - 4 potions of mutation {unknown}
 I - a potion of poison {unknown}
Books
 p - a book of Battle

   Spells                             Type                      Level
   a - Infusion                       Charms                       1
   b - Shroud of Golubria             Charms/Translocation         2
   c - Song of Slaying                Charms                       2
   d - Spectral Weapon                Hexes/Charms                 3
   e - Regeneration                   Charms/Necromancy            3
   Trog disapproves of the use of such an item.
 E - a book of Frost

   Spells                             Type                      Level
   a - Freeze                         Ice                          1
   b - Throw Frost                    Conjuration/Ice              2
   c - Ozocubu's Armour               Charms/Ice                   3
   d - Throw Icicle                   Conjuration/Ice              4
   e - Summon Ice Beast               Ice/Summoning                4
   f - Condensation Shield            Ice                          4
   Trog disapproves of the use of such an item.
Comestibles
 b - 7 bread rations
 g - 10 beef jerkies
 i - 3 slices of pizza
 k - 6 meat rations
 G - 5 fruits
 H - 8 chunks of flesh


   Skills:
 + Level 8.6 Fighting
 + Level 9.0 Axes
 + Level 9.0 Dodging
 + Level 3.4 Stealth


You had 9 spell levels left.
You didn't know any spells.

Dungeon Overview and Level Annotations

Branches:
Dungeon (9/15)             Temple (0/1) D:6
   Lair: D:8-11         Orc: D:9-12

Altars:
Ashenzari
Cheibriados
Fedhas
Makhleb
Nemelex Xobeh
Okawaru
Sif Muna
Xom

Shops:
D:6 (


Innate Abilities, Weirdness & Mutations

You can breathe bolts of dispelling energy.
Your rich purple scales are hard (AC +7).
Your body does not fit into most forms of armour.
You are cold-blooded and may be slowed by cold attacks.


Message History

Something hits you but does no damage.
Use which ability? (? or * to list)
Your skin crawls.
You feel resistant to hostile enchantments.
You are feeling hungry.
The electric eel shoots out a bolt of lightning at you!
The bolt of electricity hits you!
* * * LOW HITPOINT WARNING * * *
You hear some strange, mumbled words.
Something tries to affect you, but you resist.
The electric eel shoots out a bolt of lightning at you!
The bolt of electricity hits you!
* * * LOW HITPOINT WARNING * * *
The teleport trap disappears.
The electric eel shoots out a bolt of lightning at you!
The bolt of electricity hits you!
* * * LOW HITPOINT WARNING * * *
The electric eel shoots out a bolt of lightning at you!
The bolt of electricity hits you!
You die...

.# ...# .....#
.......## ........##
≈≈≈......##
≈≈≈;...)...##
≈≈≈;....)@..##
≈≈≈;....)....##
≈≈;..........##
..............##
...............##
...............##
.................#
..................#
...................#


You could see 4 electric eels.

Vanquished Creatures
  Pikel (D:7)
  The ghost of OrbSeeker the Nimble, an experienced FeMo of Vehumet (D:8)
  Grinder (D:4)
  Prince Ribbit (D:7)
  Sigmund (D:6)
  Menkaure (D:7)
  A water moccasin (D:8)
  An ice beast (D:5)
  A black bear (D:6)
  A phantom (D:5)
  An orc warrior (D:9)
  6 ogres
  A slave (D:7)
  2 giant frogs
  4 big kobolds
  A centaur (D:9)
  2 gnoll sergeants
  A scorpion (D:8)
  3 killer bees (D:7)
  7 crimson imps
  A jelly (D:5)
  2 centaur skeletons
  2 hounds
  3 orc priests
  Ijyb (D:2)
  2 giant frog skeletons
  6 orc wizards
  An iguana (D:8)
  2 worker ants
  2 hound skeletons
  14 adders
  19 gnolls
  2 shadow imps
  2 white imps (D:8)
  2 oozes
  4 worms
  34 orcs
  11 bats
  2 bat zombies
  13 hobgoblins
  18 jackals
  5 quokkas
  7 ball pythons
  3 giant cockroaches
  8 giant geckos
  A giant gecko zombie (D:8)
  5 giant newts
  A giant spore (D:7)
  14 goblins
  32 kobolds
  A quokka skeleton (D:5)
  9 rats
  2 ballistomycetes
269 creatures vanquished.

Vanquished Creatures (others)
  A slave (D:7)
  A giant frog (D:7)
  A worker ant (D:7)
  A quokka (D:7)
  A giant spore (D:6)
  3 kobolds (D:7)
8 creatures vanquished.

Grand Total: 277 creatures vanquished

Notes
Turn   | Place    | Note
--------------------------------------------------------------
     0 | D:1      | panicbit, the Draconian Berserker, began the quest for the Orb.
     0 | D:1      | Reached XP level 1. HP: 19/19 MP: 1/1
    72 | D:1      | Reached XP level 2. HP: 20/26 MP: 2/2
   361 | D:1      | Reached XP level 3. HP: 27/31 MP: 3/3
   606 | D:1      | Acquired Trog's second power
   939 | D:2      | Found an iron altar of Okawaru.
   940 | D:2      | Found a snail-covered altar of Cheibriados.
   946 | D:2      | Found a blossoming altar of Fedhas.
   954 | D:2      | Reached skill level 4 in Fighting
   955 | D:2      | HP: 2/49 [gnoll/spear (11)]
  1065 | D:3      | Reached XP level 4. HP: 8/40 MP: 4/4
  1495 | D:3      | Reached XP level 5. HP: 41/46 MP: 5/5
  2299 | D:2      | Noticed Ijyb
  2304 | D:2      | Killed Ijyb
  2304 | D:2      | Reached skill level 1 in Stealth
  2580 | D:2      | Found a burning altar of Makhleb.
  2848 | D:4      | Reached XP level 6. HP: 47/53 MP: 6/6
  2956 | D:4      | Acquired Trog's third power
  2972 | D:4      | Reached skill level 5 in Fighting
  3200 | D:4      | Noticed an ogre
  3207 | D:4      | Killed an ogre
  3207 | D:4      | Reached skill level 5 in Axes
  3208 | D:4      | Noticed an ogre
  3217 | D:4      | Killed an ogre
  3217 | D:4      | Reached skill level 5 in Dodging
  3217 | D:4      | Your scales start taking on a rich purple colour.
  3217 | D:4      | Reached XP level 7. HP: 61/61 MP: 7/7
  3250 | D:4      | Found a shimmering altar of Xom.
  3331 | D:4      | Noticed Grinder
  3339 | D:4      | Killed Grinder
  3575 | D:4      | Reached skill level 6 in Fighting
  3601 | D:5      | Entered Level 5 of the Dungeon
  3833 | D:5      | Reached XP level 8. HP: 37/70 MP: 8/8
  4292 | D:5      | Found a shattered altar of Ashenzari.
  4761 | D:6      | Found a staircase to the Ecumenical Temple.
  4854 | D:6      | Found Vicwidill's Antique Weapon Shoppe.
  4857 | D:6      | Found a sparkling altar of Nemelex Xobeh.
  4861 | D:6      | Noticed Sigmund
  4869 | D:6      | Killed Sigmund
  4869 | D:6      | Reached skill level 7 in Fighting
  5637 | D:7      | Reached XP level 9. HP: 79/79 MP: 9/9
  5665 | D:7      | Noticed Prince Ribbit
  5674 | D:7      | Killed Prince Ribbit
  5726 | D:7      | Noticed Pikel
  5736 | D:7      | Killed Pikel
  5736 | D:7      | Reached skill level 8 in Axes
  6334 | D:7      | Noticed Menkaure
  6347 | D:7      | Killed Menkaure
  6466 | D:7      | Found a deep blue altar of Sif Muna.
  6709 | D:8      | Noticed OrbSeeker's ghost (experienced FeMo)
  6727 | D:8      | Killed OrbSeeker's ghost
  6924 | D:8      | Reached XP level 10. HP: 89/89 MP: 10/10
  7261 | D:9      | Reached skill level 9 in Axes
  7313 | D:9      | Killed from afar by an electric eel

Action                   |  1- 3 |  4- 6 |  7- 9 | 10-12 || total
-------------------------+-------+-------+-------+-------++-------
Melee: Hand axe          |    91 |    79 |       |       ||   170
       War axe           |       |   106 |   305 |    64 ||   475
Invok: Berserk           |     1 |     4 |     2 |     1 ||     8
       Trog's Hand       |       |     3 |    11 |     1 ||    15
 Abil: Breathe Dispellin |       |       |     4 |       ||     4
  Use: Potion            |     1 |     2 |       |       ||     3
       Scroll            |       |       |     2 |       ||     2
 Stab: Sleeping          |       |     1 |     3 |       ||     4
  Eat: Chunk             |     2 |     9 |    12 |     2 ||    25
       Fruit             |       |     2 |     6 |       ||     8
